AoeStats
← TrCL.miked12321

Arena

508704018Analyzed
1v1 RM · 8d ago on Sep 23, 2026· 16m 19s· 2 players
Game mode
Random Map
Map size
Tiny (2 player)
Population
200
Speed
Normal
Resources
Standard
Victory
Conquest
Starting age
Dark Age
Ending age
Imperial Age
RankedLock teamsTeams togetherTeam positionsShared explorationLock speedFull tech treeHidden civsTurbo modeCheats
Victory
Defeat
🇨🇳 Bengalis · China
1430
+16
🇺🇸 Burgundians · United States
1440
-16
Saku007
11:09 Feudal Age
15:04 Castle Age
13:30 Double-Bit Axe
14:01 Horse Collar
15:31 Light Cavalry
TrCL.miked12321
6:29 Loom
9:25 Feudal Age
8:54 Loom
9:42 Loom
14:08 Castle Age
12:57 Double-Bit Axe
13:21 Horse Collar
15:56 Sanctity
Connection lost

Rejoining the realm…

Still unreachable

The connection could not be restored.

Session expired

The server has moved on; the page needs a fresh start.